Map: Ulrena

Players

MorN

  • Race: Terran Terran

Orion - Winner!

  • Race: Protoss Protoss
  • League: Gold

VOD

Have the link to the VOD?

Description

Time

  • Played on: Nov. 9, 2015, 7:20 p.m.
  • Length: 5:41
Show
View Real Time Build Order
Export as new Build Order

MorN Terran 

Build Orders: Reaper Expand 

Get SALT Encoding   

  12  0:01  SCV  
  13  0:13  SCV  
  14  0:18  Supply Depot  
  14  0:25  SCV  
  15  0:39  SCV  
  15  0:40  Barracks  
  16  0:47  Refinery  
  16  0:51  SCV  
  17  1:03  SCV  
  18  1:17  SCV  
  19  1:29  Orbital Command  
  19  1:31  Reaper  
  20  1:45  Command Center  
  20  2:01  SCV  
  21  2:13  Barracks Reactor  
  21  2:16  Barracks  
  21  2:17  Barracks  
  21  2:20  SCV  
  22  2:36  Engineering Bay  
  21  2:58  SCV  
  21  2:59  Orbital Command  
  21  3:00  Marine x2  
  24  3:09  Barracks Tech Lab, Marine  
  24  3:10  SCV  
  26  3:18  Marine x2  
  28  3:27  Marine  
  28  3:30  Stimpack, Marauder  
  31  3:35  Missile Turret, Marine  
  31  3:36  Marine  
  31  3:37  Missile Turret  
  31  3:38  SCV  
  31  3:39  SCV  
  35  3:44  Marine  
  35  3:50  SCV  
  35  3:51  Marine  
  35  3:53  SCV, Refinery  
  38  3:58  Supply Depot  
  38  4:00  Supply Depot  
  38  4:20  SCV x2, Marauder, Marine x3  
  45  4:32  SCV x2  
  47  4:40  Supply Depot  
  47  4:44  SCV x2  
  47  4:45  Factory  
  42  4:52  Marine  
  42  4:53  Marauder, Marine  
  42  4:56  SCV  
  42  4:57  SCV  
  42  5:10  Marine  
  33  5:15  Marine  
  33  5:16  Marauder, Marine  
Show
View Real Time Build Order
Export as new Build Order

Orion Protoss - Winner!

Build Orders:  

Get SALT Encoding   

  12  0:01  Probe (Chrono Boost)  
  13  0:12  Probe (Chrono Boost)  
  14  0:20  Pylon  
  14  0:22  Probe (Chrono Boost)  
  15  0:38  Probe (Chrono Boost)  
  15  0:41  Gateway  
  16  0:48  Probe (Chrono Boost)  
  17  0:55  Assimilator  
  17  1:00  Probe (Chrono Boost), Assimilator  
  18  1:11  Probe (Chrono Boost)  
  19  1:14  Gateway  
  19  1:21  Probe (Chrono Boost)  
  20  1:30  Cybernetics Core  
  20  1:32  Probe (Chrono Boost)  
  21  1:37  Pylon  
  21  1:43  Probe (Chrono Boost)  
  22  1:53  Probe (Chrono Boost)  
  23  2:09  Robotics Facility  
  23  2:11  Adept (Chrono Boost)  
  23  2:12  Warp Gate (Chrono Boost)  
  23  2:15  Probe (Chrono Boost)  
  25  2:30  Mothership Core  
  25  2:55  Gateway  
  25  2:56  Immortal  
  29  3:06  Adept  
  31  3:16  Probe  
  29  3:28  Probe  
  29  3:30  Pylon  
  30  3:40  Probe  
  31  3:42  Pylon  
  31  3:55  Immortal (Chrono Boost)  
  35  4:07  Pylon  
  35  4:16  Adept  
  37  4:20  Adept  
  39  4:30  Observer (Chrono Boost)  
  39  4:39  Adept x2  
  39  4:53  Adept  
  41  5:07  Adept x2  
  44  5:26  Stalker  
  44  5:28  Adept x2  
Tags
 
League
Gold
Matchup
PvT
Replay Pack
MorN pack 1
Add a new tag
Caveats
  • Supply blocks, unpowered buildings, or Contaminate may cause inaccurate times.
  • Supply counts are checked every 10 seconds.